 Dungeon Crawl Stone Soup version 0.28-a0-987-g8383568036 (webtiles) character file.

Game seed: 7307486283710712139

254 Lavandula the Bolt Thrower (level 6, -3/51 HPs)
             Began as a Naga Arcane Marksman on Dec 4, 2021.
             Slain by a black bear (4 damage)
             ... on level 4 of the Dungeon.
             The game lasted 00:05:14 (3941 turns).

Lavandula the Bolt Thrower (Naga Arcane Marksman)   Turns: 3941, Time: 00:05:15

Health: -3/51      AC:  4    Str: 14    XL:     6   Next: 15%
Magic:  7/7        EV: 10    Int: 13    God:
Gold:   92         SH:  0    Dex: 12    Spells: 6/7 levels left

rFire   . . .      SeeInvis +   r - +2 dagger (elec)
rCold   . . .      Faith    .   (no shield)
rNeg    . . .      Spirit   .   d - +0 robe
rPois   +          Reflect  .   q - +0 helmet
rElec   .          Harm     .   (no cloak)
rCorr   .          Rampage  .   (no gloves)
Will    .....                   (no barding)
Stlth   +.........              p - amulet of magic regeneration
HPRegen 0.17/turn               (no ring)
MPRegen 0.50/turn               (no ring)

@: very slow
A: AC +2, large, see invisible, deformed body, poison resistance, slowness 2,
spit poison 1, naga tail 1
a: Spit Poison


You were on level 4 of the Dungeon.
You visited 1 branch of the dungeon, and saw 4 of its levels.

You collected 92 gold pieces.

Inventory:

Hand Weapons
 a - a +0 hand crossbow
 h - a +0 dagger
 l - a +0 whip
 m - a +2 short sword of venom
 r - a +2 dagger of electrocution (weapon)
Missiles
 c - 10 bolts
 s - a throwing net (quivered)
Armour
 d - a +0 robe (worn)
 q - a +0 helmet (worn)
Jewellery
 p - an amulet of magic regeneration (around neck)
Wands
 o - a wand of paralysis (8)
Scrolls
 b - a scroll of identify {unknown}
 e - a scroll of silence {unknown}
 g - a scroll of blinking {unknown}
 j - a scroll of enchant armour {unknown}
 u - a scroll of acquirement {unknown}
Potions
 f - a potion of invisibility {unknown}
 i - a potion of might {unknown}
 k - a potion of attraction {unknown}
 n - 2 potions of lignification {unknown}
 t - 2 potions of curing {unknown}


   Skills:
 - Level 1.0 Fighting
 - Level 2.8 Short Blades
 + Level 4.9 Crossbows
 - Level 1.5 Dodging
 - Level 1.0 Spellcasting
 - Level 3.0 Hexes


You had 6 spell levels left.
You knew the following spells:

 Your Spells              Type           Power      Damage    Failure   Level
a - Slow                  Hex            32%        N/A       9%          1

Your spell library contained the following spells:

 Spells                   Type           Power      Damage    Failure   Level
 Inner Flame              Hex/Fire       4%         N/A       41%         3
 Portal Projectile        Hex/Tloc       8%         N/A       41%         3
 Cause Fear               Hex            4%         N/A       63%         4


Dungeon Overview and Level Annotations

Branches:
Dungeon (4/15)
 Temple: D:4-7

Altars:
Dithmenos


Innate Abilities, Weirdness & Mutations

Your serpentine skin is tough. (AC +2)
You have supernaturally acute eyesight. (SInv)
Armour fits poorly on your strangely shaped body.
Your system is resistant to poisons. (rPois)
You cover ground very slowly.
You can spit poison.
You have a snake-like lower body.


Message History

Press: ? - help, Q - select action, (/) - cycle Shift-Dir - straight line, f/p - black bear
Aim: a black bear (heavily wounded, poisoned, 70% to hit)
You shoot a bolt. The bolt closely misses the black bear.
A goblin comes into view. It is wielding a +0 dagger.
The goblin moves out of view.
You hear the crackle of electricity.
r - a +2 dagger of electrocution (weapon)
The black bear bites you!
The black bear claws you but does no damage.
The black bear claws you.
Unknown command.
You hit the black bear.
The black bear is severely wounded.
The black bear goes berserk!
Unknown command.
You hit the black bear.
The black bear is severely wounded.
You have got your breath back.
The black bear bites you. The black bear closely misses you.
The black bear barely misses you.
Unknown command.
You hit the black bear.
The black bear is severely wounded.
The black bear bites you but does no damage.
The black bear claws you but does no damage. x2
Unknown command.
You barely miss the black bear.
The black bear is almost dead.
The black bear looks more healthy.
The black bear barely misses you. The black bear claws you. x2
Unknown command.
You hit the black bear.
The black bear is almost dead.
The black bear bites you.
* * * LOW HITPOINT WARNING * * *
The black bear barely misses you. The black bear closely misses you.
The black bear bites you!
* * * LOW HITPOINT WARNING * * *
The black bear claws you.
You die...

##...# ######
##...##....$. .(.
##........... .#.#
###.#.#.#####..#(. #
#.#.#.# ..... #
#.#.#.# #.#(#
#.#...######.#.# #
..#)#........#h# .#
..#...#####...@###..#
#.<.†.............#
#..######†..#.###..#
#..# ##†##.# #..#
#....# ...#
####.....# ..#.#
##.###.# >....# #.#
:..##. ..#


You could see a black bear (berserk).

Vanquished Creatures
  2 kobold brigands (D:3)
  Ijyb (D:3)
  2 adders
  2 worms
  2 dart slugs
  4 ball pythons
  6 bats
  3 endoplasms
  A giant cockroach (D:4)
  9 goblins
  3 hobgoblins
  6 jackals
  19 kobolds
  5 rats
65 creatures vanquished.

Vanquished Creatures (others)
  26 plants (D:2)
26 creatures vanquished.

Grand Total: 91 creatures vanquished

Notes
Turn   | Place    | Note
-------+----------+-------------------------------------------
     0 | D:1      | Lavandula the Naga Arcane Marksman began the quest for the
                  | Orb.
     0 | D:1      | Reached XP level 1. HP: 18/18 MP: 2/2
    26 | D:1      | Reached skill level 2 in Crossbows
   211 | D:1      | Reached XP level 2. HP: 25/25 MP: 3/3
   748 | D:1      | Reached skill level 3 in Crossbows
   820 | D:1      | Reached XP level 3. HP: 27/31 MP: 4/4
  1149 | D:2      | Found a shadowy altar of Dithmenos.
  1341 | D:2      | Found a faded altar of an unknown god.
  2055 | D:3      | Reached XP level 4. HP: 32/38 MP: 5/5
  2324 | D:3      | Noticed a kobold brigand
  2340 | D:3      | Killed a kobold brigand
  2341 | D:3      | Reached XP level 5. HP: 29/44 MP: 6/6
  2804 | D:3      | Noticed a kobold brigand
  2826 | D:3      | Killed a kobold brigand
  2827 | D:3      | Reached skill level 4 in Crossbows
  3516 | D:3      | Noticed Ijyb
  3525 | D:3      | Killed Ijyb
  3526 | D:3      | Reached XP level 6. HP: 33/51 MP: 7/7
  3930 | D:4      | Noticed a black bear
  3941 | D:4      | HP: 1/51 [black bear (12)]
  3941 | D:4      | Slain by a black bear

Illustrated notes

Levels and vault maps discovered:
D:1:      roderic_chinese_lattice_arrival, layout_loops_cross
D:2:      layout_loops_ring, serial_bayou, serial_bayou_pond_b,
          serial_bayou_lagoon_b, serial_bayou_pond_a, serial_bayou_pond_e,
          serial_bayou_lake_a, basic_ecumenical_altar, basic_altar,
          kennysheep_pointless_box
D:3:      cheibrodos_thug_alley, layout_loops_corners, uniq_ijyb
D:4:      cheibrodos_fertilizer, layout_loops_ring, gup_sewer_entry_spiral,
          minmay_fractal_squares_gapless_5

Skill      XL: |  1  2  3  4  5 |
---------------+----------------+-----
Crossbows      | 2 3 4 |  4.9
Short Blades   | 2 |  2.8
Fighting       | |  1.0
Dodging        | |  1.5
Spellcasting   | |  1.0
Hexes          | |  3.0

Action                   |  1- 3 |  4- 6 || total
-------------------------+-------+-------++-------
Melee: Short sword       |    17 |    66 ||    83
       Dagger            |       |     5 ||     5
 Fire: Hand crossbow     |    52 |     3 ||    55
Throw: Throwing net      |       |     1 ||     1
 Abil: Spit Poison       |    19 |     8 ||    27
 Stab: Sleeping          |     1 |       ||     1
Armor: Robe              |     7 |    27 ||    34
Dodge: Dodged            |     7 |    41 ||    48

Table legend: (Time is in decaauts)
 A = Elapsed time spent in this place.
 B = Non-inter-level travel time spent in this place.
 C = Inter-level travel time spent in this place.
 D = Time resting spent in this place.
 E = Time spent auto-exploring this place.
 F = Levels seen in this place.
 G = Mean time per level.
                   A        B        C        D        E       F      G
               +--------+--------+--------+--------+--------+-----+--------+
         Total |   4964 |   4815 |    149 |    666 |   3580 |   4 | 1241.0 |
       Dungeon |   4964 |   4815 |    149 |    666 |   3580 |   4 | 1241.0 |
               +--------+--------+--------+--------+--------+-----+--------+

Top non-repeatable levels by time:
     D:3: 2243 daAuts
     D:1: 1325 daAuts
     D:2: 1308 daAuts
     D:4: 87 daAuts
